 Dungeon Crawl Stone Soup version 0.31-a0-466-g98c9adc2b6 (webtiles) character file.

Game seed: 51215889931434435

10528 Anon1729 the Carver (level 11, -8/102 HPs)
             Began as a Minotaur Monk on Aug 5, 2023.
             Mangled by a two-headed ogre
             ... wielding a +0 giant club
              (25 damage)
             ... on level 11 of the Dungeon.
             The game lasted 00:07:22 (8850 turns).

Anon1729 the Carver (Minotaur Monk)                 Turns: 8850, Time: 00:07:23

Health: -8/102     AC: 12    Str: 15    XL:     11   Next: 37%
Magic:  10/10      EV: 17    Int:  7    God:
Gold:   358        SH:  0    Dex: 18    Spells: 10/10 levels left

rFire   + . .        a - +0 falchion
rCold   . . .        d - orb {light}
rNeg    . . .        w - +2 ring mail {rPois}
rPois   +            (helmet restricted)
rElec   .            l - +0 cloak
rCorr   .            (no gloves)
SInv    .            F - +0 pair of boots
Will    .....        B - amulet of regeneration
Stlth   +            o - ring of flight
HPRegen 1.17/turn    r - ring of protection from fire
MPRegen 0.12/turn

%: no passive effects
@: flying, glowing
A: horns 2, retaliatory headbutt
a: no special abilities


You were on level 11 of the Dungeon.
You visited 1 branch of the dungeon, and saw 11 of its levels.

You collected 540 gold pieces.
You spent 182 gold pieces at shops.

Inventory:

Hand Weapons
 a - a +0 falchion (weapon)
 D - a +0 great sword
 L - a +4 short sword of speed
Missiles
 M - 7 poisoned darts
Armour
 b - a +0 robe
 d - an orb of light (worn)
 l - a +0 cloak (worn)
 w - a +2 ring mail of poison resistance (worn)
 F - a +0 pair of boots (worn)
 G - the +0 robe "Buaf" {Regen+}
   (You found it on level 6 of the Dungeon)

   Regen:     It increases your rate of health regeneration.
Jewellery
 o - a ring of flight (left hand)
 p - an amulet of the acrobat
 r - a ring of protection from fire (right hand)
 s - an amulet of magic regeneration
 B - an amulet of regeneration (around neck)
Talismans
 h - a beast talisman
Wands
 v - a wand of iceblast (28)
 I - a wand of paralysis (3)
Scrolls
 f - 3 scrolls of fog
 j - a scroll of brand weapon
 n - 2 scrolls of teleportation
 q - a scroll of enchant weapon
 t - a scroll of fear
 x - 2 scrolls of enchant armour
 y - a scroll of poison
 E - 2 scrolls of immolation
 K - a scroll of vulnerability
Potions
 c - 4 potions of ambrosia
 e - 3 potions of attraction
 g - a potion of mutation
 i - 2 potions of might
 k - 2 potions of curing
 u - a potion of lignification {unknown}
 z - a potion of enlightenment
 A - a potion of resistance
 C - a potion of heal wounds {unknown}
 H - a potion of haste


   Skills:
 + Level 11.4 Fighting
 + Level 11.4 Long Blades
 + Level 10.7 Armour
 + Level 10.5 Dodging


You had 10 spell levels left.
You didn't know any spells.
Your spell library contained the following spells:

 Spells                   Type           Power      Damage    Failure   Level
 Necrotise                Necr           0%         1d4       61%         1
 Ensorcelled Hibernation  Hex/Ice        0%         N/A       75%         2
 Passwall                 Tmut/Erth      0%         N/A       75%         2
 Poisonous Vapours        Pois/Air       0%         N/A       75%         2
 Mephitic Cloud           Conj/Pois/Air  0%         N/A       93%         3
 Ozocubu's Armour         Ice            0%         N/A       93%         3
 Swiftness                Air            0%         N/A       93%         3
 Animate Dead             Necr           0%         N/A       100%        4
 Freezing Cloud           Conj/Ice/Air   0%         6-21      100%        5
 Metabolic Englaciation   Hex/Ice        0%         N/A       100%        5
 Eringya's Noxious Bog    Tmut/Pois      0%         4d6       100%        6
 Simulacrum               Ice/Necr       0%         N/A       100%        6
 Borgnjor's Revivificati  Necr           0%         N/A       100%        8


Dungeon Overview and Level Annotations

Branches:
Dungeon (11/15)            Temple (0/1) D:7
   Lair: D:8-11         Orc: D:9-12

Altars:
Cheibriados
Elyvilon
Fedhas
Hepliaklqana
Makhleb
Qazlal
Ru
Uskayaw
Vehumet
Zin

Shops:
D:3 !


Innate Abilities, Weirdness & Mutations

You have a pair of horns on your head.
You reflexively headbutt those who attack you in melee.


Message History

The troll bites you but does no damage. The troll barely misses you.
The troll claws you but does no damage.
You barely miss the troll.
The troll is severely wounded.
The troll bites you. The troll claws you but does no damage.
The troll completely misses you.
You hit the troll. You headbutt the troll.
You kill the troll!
The two-headed ogre misses you.
The two-headed ogre hits you with a +0 giant spiked club!!
* * * LOW HITPOINT WARNING * * *
The two-headed ogre attacks as you move away!
The two-headed ogre misses you.
The two-headed ogre completely misses you.
Found 2 poisoned darts.
The air fills with toxic fumes!
As you read the scroll of poison, it crumbles to dust.
The boulder beetle is poisoned.
The boulder beetle is engulfed in poison gas.
The boulder beetle looks even sicker.
The boulder beetle bites you!!
You hit the boulder beetle but do no damage.
You headbutt the boulder beetle.
The boulder beetle is lightly wounded.
The two-headed ogre is engulfed in poison gas.
The two-headed ogre is poisoned.
The two-headed ogre barely misses you. You furiously retaliate!
You headbutt the two-headed ogre. The two-headed ogre misses you.
The boulder beetle looks even sicker.
The boulder beetle closely misses you. You furiously retaliate!
You headbutt the boulder beetle.
You hit the boulder beetle but do no damage.
You headbutt the boulder beetle, but do no damage.
The boulder beetle is lightly wounded.
You hit the boulder beetle but do no damage.
The boulder beetle is moderately wounded.
The two-headed ogre is engulfed in poison gas.
The two-headed ogre looks even sicker.
The two-headed ogre hits you with a +0 giant club!!
* * * LOW HITPOINT WARNING * * *
The two-headed ogre hits you with a +0 giant spiked club!!
You die...

.#...#...#...#...#...............
...#...#...#§..#☼☼.#.☼§..........
.#...#...#..☼#.§§#..§§.§.........
...#...#...#.☼.#☼§.#§.§§.........
.#...#...#...#§§§#.§.§§§.........
...#...#.§§#..§#☼☼§#☼§☼§.........
.#...#...#§§§#.§§#§§§§...........
...#...#...#§§§#☼§§#.............
.#...#...#...#§§@#...............
...#...#...#§§§#BO.#...##########
.#...#...#§§§#.§§#§§§§.#
...#...#.§§#.B§#§§§#§§§#
.#...#...#...#§§§#.§.☼§#
...#...#...#.§.#§§.§####
.....#...#..§#.§§§###
.......#...#§..§§§
.........#.......


You could see a boulder beetle (very poisoned) and a two-headed ogre (very
poisoned).

Vanquished Creatures
  2 two-headed ogres
  Pikel (D:7)
  A cyclops (D:11)
  Joseph (D:8)
  A gargoyle (D:11)
  2 trolls
  Prince Ribbit (D:8)
  Sigmund (D:4)
  10 yaks
  A wyvern (D:7)
  A wraith (D:7)
  A vampire (D:11)
  4 steam dragons
  3 vampire mosquitoes (D:11)
  3 water moccasins
  A black bear (D:6)
  3 orc warriors
  3 sky beasts
  An ice beast (D:7)
  5 ogres
  4 centaurs
  3 phantoms
  3 kobold brigands
  A lemure (D:7)
  5 bullfrogs
  2 gnoll sergeants
  6 wights
  7 killer bees (D:9)
  3 howler monkeys
  2 jellies
  A hound (D:4)
  5 orc priests
  3 sleepcaps
  Ijyb (D:4)
  2 iguanas
  7 orc wizards
  Terence (D:3)
  14 gnolls
  6 adders
  3 river rats (D:6)
  An ufetubus (D:5)
  A worm (D:3)
  5 dart slugs
  36 orcs
  6 endoplasms
  3 giant cockroaches
  7 goblins
  6 hobgoblins
  9 jackals
  3 quokkas
  5 ball pythons
  6 bats
  A frilled lizard (D:1)
  14 kobolds
  6 rats
234 creatures vanquished.

Notes
Turn   | Place    | Note
-------+----------+-------------------------------------------
     0 | D:1      | Anon1729 the Minotaur Monk began the quest for the Orb.
     0 | D:1      | Reached XP level 1. HP: 19/19 MP: 0/0
   107 | D:1      | Reached XP level 2. HP: 24/27 MP: 1/1
   110 | D:1      | Reached skill level 1 in Armour
   677 | D:1      | Reached XP level 3. HP: 33/33 MP: 2/2
  1002 | D:2      | Found a stormy altar of Qazlal.
  1771 | D:3      | Noticed Terence
  1779 | D:3      | Killed Terence
  1780 | D:3      | Reached XP level 4. HP: 22/41 MP: 3/3
  1999 | D:3      | Found Wyawaeje's Distillery.
  2008 | D:3      | Bought a potion of curing for 42 gold pieces
  2008 | D:3      | Bought a potion of haste for 140 gold pieces
  2253 | D:3      | Reached XP level 5. HP: 47/47 MP: 4/4
  2426 | D:3      | Found a burning altar of Makhleb.
  2426 | D:3      | Found a faded altar of an unknown god.
  2433 | D:3      | Found a sacrificial altar of Ru.
  2435 | D:3      | Found a glowing silver altar of Zin.
  2437 | D:3      | Found a hazy altar of Hepliaklqana.
  2886 | D:4      | Reached skill level 5 in Long Blades
  2989 | D:4      | Reached skill level 5 in Fighting
  3024 | D:4      | Noticed Ijyb
  3034 | D:4      | Killed Ijyb
  3112 | D:4      | Noticed an ogre
  3117 | D:4      | Killed an ogre
  3118 | D:4      | Reached XP level 6. HP: 56/56 MP: 5/5
  3469 | D:4      | Noticed Sigmund
  3478 | D:4      | Reached skill level 5 in Dodging
  3487 | D:4      | Killed Sigmund
  3488 | D:4      | Reached XP level 7. HP: 20/62 MP: 6/6
  3929 | D:5      | Entered Level 5 of the Dungeon
  4080 | D:5      | Reached skill level 5 in Armour
  4285 | D:5      | Found a white marble altar of Elyvilon.
  4354 | D:5      | Reached XP level 8. HP: 71/71 MP: 7/7
  4886 | D:6      | Identified the +0 robe "Buaf" {Regen+}
  5046 | D:6      | Found a hide-covered altar of Uskayaw.
  5081 | D:6      | Found a snail-covered altar of Cheibriados.
  5407 | D:6      | Got Sif Muna's Handbook of Blasphemous Rituals and the Bane
  5664 | D:7      | Reached XP level 9. HP: 32/81 MP: 8/8
  5852 | D:7      | Found a staircase to the Ecumenical Temple.
  5943 | D:7      | Found a blossoming altar of Fedhas.
  6066 | D:7      | Found a radiant altar of Vehumet.
  6172 | D:8      | Noticed a two-headed ogre
  6236 | D:7      | Killed a two-headed ogre
  6302 | D:8      | Reached XP level 10. HP: 53/91 MP: 9/9
  6399 | D:8      | Noticed Prince Ribbit
  6412 | D:8      | Killed Prince Ribbit
  6518 | D:8      | Noticed Joseph
  6544 | D:8      | Killed Joseph
  6545 | D:8      | Reached skill level 10 in Fighting
  6545 | D:8      | Reached skill level 10 in Long Blades
  6588 | D:8      | Noticed Pikel
  6713 | D:7      | Killed Pikel
  7344 | D:9      | Reached skill level 10 in Armour
  7502 | D:9      | Reached skill level 10 in Dodging
  7511 | D:9      | Reached XP level 11. HP: 24/101 MP: 10/10
  7887 | D:9      | Noticed a two-headed ogre
  7897 | D:9      | Killed a two-headed ogre
  8263 | D:10     | Entered Level 10 of the Dungeon
  8275 | D:10     | You are sucked into a shaft and drop 1 floor!
  8477 | D:11     | Noticed a boulder beetle
  8676 | D:11     | Noticed a boulder beetle
  8682 | D:11     | Noticed a two-headed ogre
  8850 | D:11     | Mangled by a two-headed ogre

Illustrated notes

Levels and vault maps discovered:
D:1:      nicolae_arrival_washed_ashore, layout_basic
D:2:      cheibrodos_old_hovel, layout_basic, basic_altar
D:3:      layout_basic, chequers_temple_overflow_minitemple, serial_shops, shop,
          uniq_terence
D:4:      layout_basic, chequers_serial_rivers_micro_d, uniq_ijyb, uniq_sigmund
D:5:      layout_basic, elyvilon_altar_5, nicolae_the_louvre
D:6:      layout_rooms, mainiacjoe_overflow_catch_the_wave, portal_sewer_entry_e
D:7:      layout_cave_pools, lemuel_doored_altar, fedhas_altar_2,
          minmay_temple_entry_statues
D:8:      layout_cave_pools, grunt_ministairs_11, uniq_pikel,
          uniq_prince_ribbit1, uniq_joseph
D:9:      kennysheep_blocky_hall, layout_basic
D:10:     layout_basic, erik_lair_island, zombieorc2_lemuel
D:11:     layout_irregular_city, serial_column_ruins, column_ruins_square_large,
          column_ruins_hut, column_ruins_corridor_water,
          column_ruins_corridor_straight, column_ruins_grid_2,
          column_ruins_grid_2, column_ruins_columns_straight,
          portal_ice_cave_entry_imps, gauntlet_entry_generic, hex_large

Skill      XL: |  1  2  3  4  5  6  7  8  9 10 11 |
---------------+----------------------------------+-----
Armour         | 1 2 3 4 5 6 8 10 | 10.7
Long Blades    | 4 5 6 7 9 10 11 | 11.4
Fighting       | 4 5 6 7 9 10 11 | 11.4
Dodging        | 4 5 6 7 8 10 | 10.5

Action                     |  1- 3 |  4- 6 |  7- 9 | 10-12 || total
---------------------------+-------+-------+-------+-------++-------
  Melee: Falchion          |    66 |    91 |   269 |   360 ||   786
         Headbutt          |    11 |    23 |    84 |   119 ||   237
  Evoke: Wand              |       |       |     1 |       ||     1
    Use: Scroll            |       |       |     9 |    11 ||    20
         Potion            |       |       |       |     3 ||     3
 Armour: Robe              |    14 |     9 |       |       ||    23
         Ring mail         |       |       |    89 |   131 ||   220
  Dodge: Dodged            |    58 |    76 |   221 |   382 ||   737

Table legend: (Time is in decaauts)
 A = Elapsed time spent in this place.
 B = Non-inter-level travel time spent in this place.
 C = Inter-level travel time spent in this place.
 D = Time resting spent in this place.
 E = Time spent auto-exploring this place.
 F = Levels seen in this place.
 G = Mean time per level.
                   A        B        C        D        E       F      G
               +--------+--------+--------+--------+--------+-----+--------+
         Total |   8750 |   8215 |    535 |    763 |   5844 |  11 |  795.5 |
       Dungeon |   8750 |   8215 |    535 |    763 |   5844 |  11 |  795.5 |
               +--------+--------+--------+--------+--------+-----+--------+

Top non-repeatable levels by time:
     D:4: 1244 daAuts
     D:6: 1106 daAuts
     D:3: 1039 daAuts
     D:9: 975 daAuts
     D:1: 973 daAuts
     D:8: 820 daAuts
     D:2: 795 daAuts
     D:7: 711 daAuts
    D:11: 553 daAuts
     D:5: 519 daAuts
    D:10: 11 daAuts
